AoeStats
← old f1sh

Arabia

508474926Analyzed
1v1 RM · 9d ago on Sep 22, 2026· 34m 8s· 2 players
Game mode
Random Map
Map size
Tiny (2 player)
Population
200
Speed
Normal
Resources
Standard
Victory
Conquest
Starting age
Dark Age
Ending age
Imperial Age
RankedLock teamsTeams togetherTeam positionsShared explorationLock speedFull tech treeHidden civsTurbo modeCheats
Victory
Defeat
🇵🇸 Koreans · Palestinian Territories
1662
+16
🇨🇳 Random · China
1659
-16
old f1sh
6:23 Loom
8:28 Feudal Age
6:45 Loom
9:29 Double-Bit Axe
16:06 Wheelbarrow
19:19 Castle Age
17:45 Scale Mail Armor
17:37 Horse Collar
18:04 Gold Mining
20:31 Bow Saw
19:49 Light Cavalry
32:13 Chain Mail Armor
TTV:FreePalestine1995
6:38 Loom
8:58 Feudal Age
9:32 Double-Bit Axe
13:10 Wheelbarrow
14:01 Horse Collar
19:10 Castle Age
18:11 Fletching
18:33 Gold Mining
19:56 Bodkin Arrow
19:43 Crossbowman
22:37 Hand Cart
23:08 Bow Saw
31:23 Imperial Age
30:48 Ballistics
30:39 Thumb Ring
32:13 Bracer
33:49 Gold Shaft Mining
33:46 Heavy Plow
33:18 Arbalester
Connection lost

Rejoining the realm…

Still unreachable

The connection could not be restored.

Session expired

The server has moved on; the page needs a fresh start.